 Dungeon Crawl Stone Soup version 0.19-a0-1013-g40768a3 (webtiles) character file.

49 HAL9000 the Cudgeler (level 3, 0/40 HPs)
             Began as an Ogre Berserker on July 24, 2016.
             Was a Believer of Trog.
             Succumbed to an adder's poison
             ... on level 2 of the Dungeon.
             The game lasted 00:02:24 (699 turns).

HAL9000 the Cudgeler (Ogre Berserker)                Turns: 699, Time: 00:02:25

Health: 0/40       AC:  3    Str: 22    XL:     3   Next: 75%
Magic:  3/3        EV: 10    Int:  6    God:    Trog [**....]
Gold:   155        SH:  0    Dex: 10    Spells: 0 memorised, 2 levels left

rFire  . . .     SeeInvis .     a - +0 mace
rCold  . . .     Gourm    .     b - +0 animal skin
rNeg   . . .     Faith    .     (no shield)
rPois  .         Spirit   .     (helmet restricted)
rElec  .         Dismiss  .     (no cloak)
rCorr  .         Reflect  .     (gloves unavailable)
SustAt .         Harm     .     (boots unavailable)
MR     .....                    (no amulet)
Stlth  +.........               (no ring)
                                k - ring of flight

@: lethally poisoned (0 -> -2), exhausted, slowed, very slow, not resistant to
hostile enchantments, very unstealthy
A: unfitting armour, tough skin 1
a: Berserk, Trog's Hand, Burn Spellbooks, Renounce Religion, Evoke Flight


You were on level 2 of the Dungeon.
You worshipped Trog.
Trog was pleased with you.
You were not hungry.

You visited 1 branch of the dungeon, and saw 2 of its levels.

You collected 155 gold pieces.

Inventory:

Hand Weapons
 a - a +0 mace (weapon)
Armour
 b - a +0 animal skin (worn)
Jewellery
 k - a ring of flight (left hand)
Scrolls
 e - a scroll of enchant armour {unknown}
 f - 2 scrolls of remove curse {unknown}
 i - 3 scrolls of fear {unknown}
 l - a scroll of amnesia {unknown}
 o - a scroll of magic mapping {unknown}
 p - a scroll of noise {unknown}
Potions
 d - 2 potions of heal wounds {unknown}
 g - a potion of degeneration {unknown}
 h - a potion of might {unknown}
 j - a potion of magic {unknown}
 m - a potion of ambrosia {unknown}
 n - 2 potions of curing {unknown}
Comestibles
 c - a bread ration


   Skills:
 + Level 4.7 Fighting
 * Level 5.5 Maces & Flails
 - Level 2.6 Dodging


You had 2 spell levels left.
You didn't know any spells.

Dungeon Overview and Level Annotations

Branches:
Dungeon (2/15)

Altars:


Innate Abilities, Weirdness & Mutations

You are too large for most types of armour.
You have tough skin. (AC +1)


Message History

The hobgoblin is almost dead.
You barely miss the hobgoblin.
The hobgoblin is almost dead.
You feel sick. The hobgoblin hits you.
* * * LOW HITPOINT WARNING * * *
You thump the hobgoblin!
You kill the hobgoblin!
Trog accepts your kill.
You can now call upon Trog for regeneration and protection from hostile enchantments.
You are no longer berserk.
You pass out from exhaustion.
You feel yourself slow down.
* * * LOW HITPOINT WARNING * * *
You feel sick.
You can move again.
Items here: )) †† a club x2; a hobgoblin corpse x2
You see here an adder corpse.
You butcher the adder corpse.
You die...

.. ..##. ..... ......
.. ..#... ###..
......#######.....
...................
#.)#####..##.#
##.@..%.....#.#
##..?..........#
#..............#
#.............(#
#........).....#
#..............######
#........(.....##....
##...................
.............####....


There were no monsters in sight!

Vanquished Creatures
  3 adders (D:2)
  A dart slug (D:1)
  2 giant cockroaches (D:1)
  3 hobgoblins (D:2)
  2 jackals (D:1)
  2 kobolds
  A ball python (D:2)
  A bat (D:1)
  3 giant newts
  A goblin (D:1)
  4 rats
23 creatures vanquished.

Notes
Turn   | Place    | Note
-------+----------+-------------------------------------------
     0 | D:1      | HAL9000 the Ogre Berserker began the quest for the Orb.
     0 | D:1      | Reached XP level 1. HP: 24/24 MP: 1/1
   155 | D:1      | Reached XP level 2. HP: 30/32 MP: 2/2
   683 | D:2      | Reached skill level 5 in Maces & Flails
   683 | D:2      | Reached XP level 3. HP: 32/40 MP: 3/3
   694 | D:2      | HP: 3/60 [hobgoblin (4)]
   695 | D:2      | Reached ** piety under Trog
   697 | D:2      | HP: 1/40 [poisoned by an adder]
   699 | D:2      | Succumbed to an adder's poison

Vault maps used:
D:1:      dpeg_arrival_another_circle
D:2:      first_bread, minmay_split_cup_small

Skill      XL: |  1  2 |
---------------+-------+-----
Maces & Flails | 5 |  5.5
Fighting       | |  4.7
Dodging        | |  2.6

Action                   || total
-------------------------++-------
Melee: Mace              ||    66
Invok: Berserk           ||     1
Armor: Animal skin       ||    22
Dodge: Dodged            ||    50
